 Dungeon Crawl Stone Soup version 0.30.0-29-ga12c61a403 (webtiles) character file.

Game seed: 17313011673782743208

317 csrayne the Chopper (level 6, -5/56 HPs)
             Began as a Minotaur Berserker on June 7, 2023.
             Was a Believer of Trog.
             Killed by divine providence
             ... invoked by an orc priest
              (9 damage)
             ... on level 4 of the Dungeon.
             The game lasted 00:16:44 (3286 turns).

csrayne the Chopper (Minotaur Berserker)            Turns: 3286, Time: 00:16:45

Health: -5/56      AC: 13    Str: 23    XL:     6   Next: 20%
Magic:  5/5        EV: 11    Int:  4    God:    Trog [**....]
Gold:   111        SH:  0    Dex: 10    Spells: 5/5 levels left

rFire   . . .        w - +2 falchion (holy)
rCold   . . .        (no shield)
rNeg    . . .        i - +0 scale mail
rPois   .            (helmet restricted)
rElec   .            h - +0 cloak
rCorr   .            (no gloves)
SInv    .            v - +0 pair of boots
Will    .....        (no amulet) Stlth
                     q - +4 ring of protection
HPRegen 0.29/turn    (no ring)
MPRegen 0.09/turn

%: no passive effects
@: brilliant, hasted, very quick
A: horns 2, retaliatory headbutt
a: Renounce Religion, Berserk, Trog's Hand


You were on level 4 of the Dungeon.
You worshipped Trog.
Trog was pleased with you.
You visited 1 branch of the dungeon, and saw 4 of its levels.

You collected 111 gold pieces.

Inventory:

Hand Weapons
 a - a +0 hand axe
 w - a +2 falchion of holy wrath (weapon)
Missiles
 r - 12 poisoned darts (quivered)
Armour
 b - a +0 animal skin
 c - a +0 ring mail
 h - a +0 cloak (worn)
 i - a +0 scale mail (worn)
 o - a +1 barding
 t - a +0 kite shield
 v - a +0 pair of boots (worn)
Jewellery
 q - a +4 ring of protection (left hand)
Wands
 m - a wand of flame (48)
Scrolls
 f - a scroll of vulnerability
 g - 2 scrolls of identify
 s - a scroll of magic mapping {unknown}
 u - a scroll of amnesia {unknown}
 x - 2 scrolls of teleportation {unknown}
 y - a scroll of immolation {unknown}
Potions
 e - 2 potions of mutation
 j - a potion of curing {unknown}
 l - a potion of resistance {unknown}
 n - a potion of experience {unknown}
 p - 2 potions of flight


   Skills:
 + Level 5.2 Fighting
 + Level 5.2 Axes
 + Level 4.4 Armour
 + Level 4.1 Dodging


You had 5 spell levels left.
You didn't know any spells.
Your spell library contained the following spells:

 Spells                   Type           Power      Damage    Failure   Level
 Dazzling Flash           Conj/Hex       0%         N/A       99%         3
 Volatile Blastmotes      Fire/Tloc      0%         2d10      99%         3
 Iskenderun's Mystic Bla  Conj/Tloc      0%         2d3       100%        4
 Starburst                Conj/Fire      0%         6d3       100%        6


Dungeon Overview and Level Annotations

Branches:
Dungeon (4/15)             Temple (0/1) D:4

Altars:
Cheibriados
Kikubaaqudgha
Makhleb
Xom


Innate Abilities, Weirdness & Mutations

You have a pair of horns on your head.
You reflexively headbutt those who attack you in melee.


Message History

Your headbutt misses something. Something completely misses you.
You miss something.
An orc comes into view. It is wielding a +0 whip.
Something hits you but does no damage.
The orc priest invokes the aid of Beogh against you.
Beogh smites you!
* * * LOW HITPOINT WARNING * * *
Something hits you but does no damage.
It was a potion of brilliance.
You feel clever all of a sudden.
The orc shouts!
Something hits you.
* * * LOW HITPOINT WARNING * * *
Something hits you but does no damage. Something hits you but does no damage.
Something hits you.
* * * LOW HITPOINT WARNING * * *
Something hits you but does no damage. Something hits you but does no damage.
Something hits you but does no damage.
The orc wizard mumbles some strange words.
The orc wizard flickers and vanishes!
Something hits you but does no damage. Something hits you but does no damage.
It was a potion of haste.
You feel yourself speed up.
An orc wizard appears from thin air!
Reactivating autopickup.
The orc wizard casts a spell at you.
The magic dart hits you but does no damage.
You barely miss the orc wizard. You hit the orc wizard.
The orc wizard is heavily wounded.
The orc wizard hits you with a +0 dagger.
* * * LOW HITPOINT WARNING * * *
You closely miss the orc wizard.
The orc wizard is heavily wounded.
The orc wizard hits you but does no damage.
The orc priest invokes the aid of Beogh against you.
Beogh smites you!
You die...

......##..# #####.....#
#####.## ##.## ##.##
##[## ### ##.## ####o.
######.###### ####...##
##...##..@oo.#####..o####
##.....#..###..ooo..###
##.....)#)## ####..###
####.........# ##.#####
##............# #..##.#
#..##...#.....# #..#.##
##.#..#.#.......# #...##
#..#....#..#....# #..##
#...#.[..##....## ##.#


You could see an orc priest, an orc wizard and 3 orcs.

Vanquished Creatures
  Eustachio (D:4)
  A hound (D:4)
  3 gnolls (D:3)
  4 adders
  3 worms
  2 dart slugs
  6 orcs (D:3)
  3 ball pythons
  3 endoplasms
  5 giant cockroaches
  4 goblins
  9 hobgoblins
  6 kobolds
  4 quokkas
  4 bats
  2 frilled lizards
  5 rats (D:1)
65 creatures vanquished.

Notes
Turn   | Place    | Note
-------+----------+-------------------------------------------
     0 | D:1      | csrayne the Minotaur Berserker began the quest for the Orb.
     0 | D:1      | Reached XP level 1. HP: 19/19 MP: 0/0
   141 | D:1      | Reached XP level 2. HP: 27/27 MP: 1/1
   751 | D:2      | Reached XP level 3. HP: 33/33 MP: 2/2
   937 | D:2      | Found a faded altar of an unknown god.
  1783 | D:3      | Reached ** piety under Trog
  1824 | D:3      | Reached XP level 4. HP: 38/40 MP: 3/3
  2268 | D:3      | Found a snail-covered altar of Cheibriados.
  2302 | D:3      | Found an ancient bone altar of Kikubaaqudgha.
  2302 | D:3      | Found a shimmering altar of Xom.
  2302 | D:3      | Found a burning altar of Makhleb.
  3028 | D:4      | Found a staircase to the Ecumenical Temple.
  3028 | D:4      | Noticed Eustachio
  3039 | D:4      | Reached XP level 5. HP: 43/47 MP: 4/4
  3067 | D:4      | Killed Eustachio
  3068 | D:4      | Reached skill level 5 in Fighting
  3068 | D:4      | Reached skill level 5 in Axes
  3068 | D:4      | Reached XP level 6. HP: 56/56 MP: 5/5
  3269 | D:4      | HP: 2/56 [something (1)]
  3286 | D:4      | Killed from afar by an orc priest

Illustrated notes

Levels and vault maps discovered:
D:1:      lightli_arrival_chessboard, layout_basic
D:2:      layout_basic, serial_glass, glass_columns_a, glass_columns_b,
          glass_columns_c, glass_columns_b, shapermc_ecumenical_altar_ellora,
          minmay_parallelograms
D:3:      layout_basic, lemuel_doored_altar,
          gammafunk_temple_overflow_forgotten, amcnicky_mini_pool_small
D:4:      layout_cave_pods, dancing_weapons_uskayaw,
          minmay_temple_entry_mini_moons, serial_glass, glass_columns_a,
          glass_columns_a, uniq_eustachio, uniq_pikel

Skill      XL: |  1  2  3  4  5 |
---------------+----------------+-----
Fighting       | 4 5 |  5.2
Axes           | 4 5 |  5.2
Armour         | 3 4 |  4.4
Dodging        | 3 4 |  4.1

Action                     |  1- 3 |  4- 6 || total
---------------------------+-------+-------++-------
  Melee: Hand axe          |    94 |    75 ||   169
         Headbutt          |    19 |    14 ||    33
         Falchion          |       |    20 ||    20
 Invoke: Berserk           |       |     1 ||     1
    Use: Scroll            |     4 |       ||     4
         Potion            |       |     2 ||     2
 Armour: Ring mail         |    11 |       ||    11
         Scale mail        |    29 |    58 ||    87
  Dodge: Dodged            |    46 |    50 ||    96
